 Dungeon Crawl Stone Soup version 0.31-a0-542-gdc2a67831c (webtiles) character file.

Game seed: 13082806898297541150

207 Dittersdorf the Shield-Bearer (level 5, 0/34 HPs)
             Began as a Gargoyle Fighter on Aug 14, 2023.
             Slain by a black bear (2 damage)
             ... on level 4 of the Dungeon.
             The game lasted 00:03:38 (3240 turns).

Dittersdorf the Shield-Bearer (Gargoyle Fighter)    Turns: 3240, Time: 00:03:38

Health: 0/34       AC: 18    Str: 21    XL:     5   Next: 85%
Magic:  5/5        EV:  8    Int:  9    God:
Gold:   179        SH:  4    Dex:  9    Spells: 4/4 levels left

rFire   . . .        a - +0 flail
rCold   . . .        c - +0 buckler
rNeg    + . .        n - +0 chain mail
rPois   ∞            p - +2 helmet
rElec   +            o - +0 cloak
rCorr   .            (no gloves)
SInv    .            (no boots)
Will    .....        (no amulet) Stlth
                     (no ring)
HPRegen 0.25/turn    (no ring)
MPRegen 0.09/turn

%: no passive effects
@: no status effects
A: sickness immunity, AC +4, negative energy resistance 1, electricity
resistance, torment resistance 1, petrification resistance
a: no special abilities


You were on level 4 of the Dungeon.
You visited 1 branch of the dungeon, and saw 4 of its levels.

You collected 179 gold pieces.

Inventory:

Hand Weapons
 a - a +0 flail (weapon)
Armour
 c - a +0 buckler (worn)
 n - a +0 chain mail (worn)
 o - a +0 cloak (worn)
 p - a +2 helmet (worn)
Wands
 q - a wand of roots (7)
Scrolls
 b - a scroll of enchant weapon {unknown}
 f - a scroll of fog {unknown}
 g - a scroll of identify {unknown}
 i - a scroll of vulnerability {unknown}
 j - a scroll of silence {unknown}
 k - a scroll of teleportation
 s - a scroll of amnesia {unknown}
Potions
 d - 4 potions of might
 e - 3 potions of heal wounds {unknown}
 h - a potion of attraction {unknown}
 l - a potion of brilliance {unknown}
 m - a potion of invisibility {unknown}
 r - a potion of enlightenment {unknown}


   Skills:
 + Level 4.4 Fighting
 + Level 3.3 Maces & Flails
 + Level 4.4 Armour
 + Level 4.5 Shields


You had 4 spell levels left.
You didn't know any spells.
Your spell library contained the following spells:

 Spells                   Type           Power      Damage    Failure   Level
 Slow                     Hex            0%         N/A       97%         1
 Blink                    Tloc           0%         N/A       99%         2
 Confusing Touch          Hex            0%         N/A       100%        3
 Ignite Poison            Fire/Tmut/Pois 0%         N/A       100%        3
 Vampiric Draining        Necr           0%         2d6       100%        3
 Manifold Assault         Tloc           0%         N/A       100%        4
 Freezing Cloud           Conj/Ice/Air   0%         6-21      100%        5
 Cigotuvi's Dreadful Rot  Necr/Pois/Air  Unusable   N/A       N/A         2

Dungeon Overview and Level Annotations

Branches:
Dungeon (4/15)
 Temple: D:4-7

Altars:
Qazlal

Shops:
D:2 =


Innate Abilities, Weirdness & Mutations

You are immune to sickness and miasma.
Your stone body is resilient. (AC +4)
You are immune to poison.
You resist negative energy. (rN+)
You are resistant to electric shocks. (rElec)
You are resistant to unholy torment.
You are immune to petrification.


Message History

The black bear claws you but does no damage.
The black bear rages.
The black bear attacks as you move away!
The black bear barely misses you. The black bear claws you.
* * * LOW HITPOINT WARNING * * *
You block the black bear's attack.
The black bear bites you but does no damage.
You block the black bear's attack.
The black bear claws you but does no damage.
An endoplasm comes into view.
The endoplasm quivers.
The black bear bites you but does no damage.
The black bear closely misses you.
The black bear claws you but does no damage.
The black bear attacks as you move away!
The black bear bites you but does no damage.
The black bear claws you but does no damage. x2
The black bear attacks as you move away!
You block the black bear's attack. The black bear barely misses you.
The black bear claws you but does no damage.
The black bear completely misses you. The black bear claws you.
* * * LOW HITPOINT WARNING * * *
The black bear claws you but does no damage.
The black bear attacks as you move away!
The black bear bites you but does no damage.
The black bear claws you but does no damage. x2
You closely miss the black bear.
The black bear is severely wounded.
The black bear bites you but does no damage.
The black bear claws you.
* * * LOW HITPOINT WARNING * * *
The black bear claws you but does no damage.
The black bear bites you.
* * * LOW HITPOINT WARNING * * *
The black bear claws you but does no damage.
The black bear barely misses you.
You hit the black bear.
The black bear is severely wounded.
The black bear bites you.
You die...

# #....# #.# ######
#.#.##.####.###.###..<..
#....# ............####
#.##g#####.....(......##
#.##....###.#.#.#####...
#...J.gK....#...#######.
.....#####J######..(#......
.... #h# ####.....##### ...
#@###......### ##
######.....#.....#
#.......###..###.####
#.#####.##.. #....### ##.#
#.#..# ####.... #..# #....#
####. #.## ##<.# ####..
###.# #...# #....#
#...#######.#.#######.####


You could see a black bear (berserk), an endoplasm, a goblin and a kobold.

Vanquished Creatures
  Crazy Yiuf (D:3)
  An iguana (D:4)
  4 adders
  4 gnolls (D:4)
  A worm (D:2)
  3 dart slugs (D:1)
  2 orcs
  6 ball pythons
  3 bats
  5 endoplasms
  2 giant cockroaches
  7 goblins
  5 hobgoblins
  5 jackals
  6 kobolds
  3 quokkas (D:1)
  6 frilled lizards
  4 rats
  A spectral kobold (D:1)
69 creatures vanquished.

Notes
Turn   | Place    | Note
-------+----------+-------------------------------------------
     0 | D:1      | Dittersdorf the Gargoyle Fighter began the quest for the
                  | Orb.
     0 | D:1      | Reached XP level 1. HP: 14/14 MP: 1/1
    47 | D:1      | Reached XP level 2. HP: 6/19 MP: 2/2
   452 | D:1      | Found a faded altar of an unknown god.
   719 | D:2      | Reached XP level 3. HP: 23/23 MP: 3/3
   924 | D:2      | Found Etylesur's Jewellery Boutique.
  1247 | D:2      | Found a stormy altar of Qazlal.
  1605 | D:3      | Reached XP level 4. HP: 29/29 MP: 4/4
  2070 | D:3      | You fall into a shaft and drop 1 floor!
  2277 | D:3      | Found a runed translucent door.
  2278 | D:3      | Noticed Crazy Yiuf
  2376 | D:3      | Killed Crazy Yiuf
  2664 | D:4      | Reached XP level 5. HP: 33/33 MP: 5/5
  3213 | D:4      | Noticed a black bear
  3240 | D:4      | Slain by a black bear

Illustrated notes

Levels and vault maps discovered:
D:1:      lightli_arrival_chessboard, layout_loops_cross,
          dreamdust_ecumenical_altar_drowned_temple
D:2:      layout_loops_ring, serial_shops, nicolae_shop_trees, basic_altar
D:3:      layout_basic, serial_rivers, chequers_serial_rivers_small_a,
          chequers_serial_rivers_micro_a, chequers_serial_rivers_large_a,
          chequers_serial_rivers_small_b, chequers_serial_rivers_small_3,
          uniq_crazy_yiuf_cottage
D:4:      layout_rooms, minmay_snake_closets

Skill      XL: |  1  2  3  4  5 |
---------------+----------------+-----
Shields        | 4 |  4.5
Fighting       | 4 |  4.4
Armour         | 4 |  4.4
Maces & Flails | 3 |  3.3

Action                     |  1- 3 |  4- 6 || total
---------------------------+-------+-------++-------
  Melee: Flail             |   118 |   120 ||   238
    Use: Scroll            |       |     1 ||     1
 Armour: Scale mail        |    66 |     1 ||    67
         Chain mail        |       |   106 ||   106
  Dodge: Dodged            |    49 |    62 ||   111
  Block: Buckler           |    32 |    35 ||    67

Table legend: (Time is in decaauts)
 A = Elapsed time spent in this place.
 B = Non-inter-level travel time spent in this place.
 C = Inter-level travel time spent in this place.
 D = Time resting spent in this place.
 E = Time spent auto-exploring this place.
 F = Levels seen in this place.
 G = Mean time per level.
                   A        B        C        D        E       F      G
               +--------+--------+--------+--------+--------+-----+--------+
         Total |   3314 |   3173 |    141 |    245 |   2288 |   4 |  828.5 |
       Dungeon |   3314 |   3173 |    141 |    245 |   2288 |   4 |  828.5 |
               +--------+--------+--------+--------+--------+-----+--------+

Top non-repeatable levels by time:
     D:3: 1143 daAuts
     D:4: 797 daAuts
     D:2: 691 daAuts
     D:1: 681 daAuts
